 Dungeon Crawl Stone Soup version 0.30.0-29-ga12c61a403 (webtiles) character file.

Game seed: 2565696307958685987

163 ChadusMaximus the Shield-Bearer (level 5, -1/43 HPs)
             Began as a Formicid Fighter on June 19, 2023.
             Killed by nerve-wracking pain
             ... invoked by Menkaure
              (12 damage)
             ... on level 4 of the Dungeon.
             The game lasted 00:02:04 (2522 turns).

ChadusMaximus the Shield-Bearer (Formicid Fighter)  Turns: 2522, Time: 00:02:04

Health: -1/43      AC: 10    Str: 22    XL:     5   Next: 72%
Magic:  5/5        EV:  8    Int:  8    God:
Gold:   127        SH:  5    Dex: 13    Spells: 4/4 levels left

rFire   . . .        a - +0 war axe
rCold   . . .        c - +0 buckler
rNeg    . . .        o - +0 chain mail
rPois   .            (helmet unavailable)
rElec   .            (no cloak)
rCorr   +            (no gloves)
SInv    +            f - +0 pair of boots
Will    .....        (no amulet) Stlth
                     l - ring of resist corrosion
HPRegen 0.27/turn    (no ring)
MPRegen 0.09/turn

%: no passive effects
@: no status effects
A: permanent stasis, dig shafts and tunnels, antennae 3, four strong arms
a: Dig, Shaft Self


You were on level 4 of the Dungeon.
You visited 1 branch of the dungeon, and saw 4 of its levels.

You collected 127 gold pieces.

Inventory:

Hand Weapons
 a - a +0 war axe (weapon)
Armour
 b - a +0 scale mail
 c - a +0 buckler (worn)
 f - a +0 pair of boots (worn)
 o - a +0 chain mail (worn)
Jewellery
 l - a ring of resist corrosion (left hand)
Scrolls
 i - 2 scrolls of fear
 n - a scroll of teleportation
 p - a scroll of blinking
 q - a scroll of brand weapon
 s - 2 scrolls of magic mapping {unknown}
Potions
 d - 3 potions of might
 e - a potion of haste {unknown}
 g - 6 potions of curing {unknown}
 h - a potion of brilliance {unknown}
 j - 2 potions of degeneration {unknown}
 r - a potion of mutation {unknown}


   Skills:
 + Level 4.3 Fighting
 + Level 3.1 Axes
 + Level 4.2 Armour
 + Level 5.2 Shields


You had 4 spell levels left.
You didn't know any spells.
Your spell library was empty.

Dungeon Overview and Level Annotations

Branches:
Dungeon (4/15)
 Temple: D:4-7

Altars:
Dithmenos
Wu Jian
Zin

Annotations:
D:4 Menkaure


Innate Abilities, Weirdness & Mutations

You cannot be hasted, slowed, berserked, paralysed or teleported.
You can dig through walls and to a lower floor.
You have a pair of large antennae on your head. (SInv)
Your four strong arms can wield two-handed weapons with a shield.


Message History

The worm is lightly wounded.
The worm bites you.
Throw: throwing net
Press: ? - help, Q - select action, (/) - cycle Shift-Dir - straight line, f - Menkaure
Aim: Menkaure (fast, 74% to hit)
You throw a throwing net. The throwing net hits Menkaure.
Menkaure is caught in the net!
Menkaure struggles against the net.
You block the worm's attack.
You hit the worm.
The worm is lightly wounded.
You hear the slow rusting of a distant drain.
Menkaure struggles against the net.
The worm bites you but does no damage.
You barely miss the worm.
The worm is lightly wounded.
Menkaure struggles against the net. x2
You hit the worm.
The worm is heavily wounded.
Menkaure struggles against the net.
The worm bites you but does no damage.
Menkaure shouts, "You disturbed my rest!
Die!"
Menkaure gestures at you while chanting.
You struggle to resist.
Menkaure struggles against the net.
You slash the worm!
The worm is almost dead.
You block the worm's attack.
You hit the worm but do no damage.
The worm is almost dead.
Menkaure struggles against the net.
The net rips apart, and Menkaure comes free!
The worm bites you!
You slash the worm!
You kill the worm!
Menkaure barely misses you. You block Menkaure's attack.
You see here a hobgoblin corpse.
Menkaure hits you!
You hit Menkaure but do no damage. Menkaure hits you!
* * * LOW HITPOINT WARNING * * *
Menkaure points at you and mumbles some strange words.
Pain shoots through your body!
You die...

'.....'..#...........
#.....#..#..........
#.....#..#.........
..##'##'###.......#
..#.†#....#.......#
..#..#....#.......#
..##.####.#...†...#
####.####.##+#.†..#
#..........#.M@.#+#
....................#
_..PPPP..####.......#
.......... ........#
###..##....#........#
#.. #....#######....
.... ...... .... ...
........ ...
##.######


You could see Menkaure (fast).

Vanquished Creatures
  Jessica (D:2)
  Natasha (D:2)
  An orc wizard (D:3)
  An adder (D:4)
  2 worms
  2 dart slugs
  10 orcs
  6 bats
  4 endoplasms
  5 goblins
  3 hobgoblins
  3 jackals (D:3)
  4 quokkas
  7 ball pythons
  3 frilled lizards
  4 kobolds
  A rat (D:1)
58 creatures vanquished.

Notes
Turn   | Place    | Note
-------+----------+-------------------------------------------
     0 | D:1      | ChadusMaximus the Formicid Fighter began the quest for the
                  | Orb.
     0 | D:1      | Reached XP level 1. HP: 18/18 MP: 1/1
    71 | D:1      | Reached XP level 2. HP: 24/24 MP: 2/2
   618 | D:2      | Reached XP level 3. HP: 23/29 MP: 3/3
   667 | D:2      | Noticed Jessica
   674 | D:2      | Killed Jessica
   675 | D:2      | Reached XP level 4. HP: 24/37 MP: 4/4
   888 | D:2      | Noticed Natasha
   894 | D:2      | Killed Natasha
  1387 | D:3      | Reached skill level 5 in Shields
  1389 | D:3      | Reached XP level 5. HP: 29/42 MP: 5/5
  1598 | D:3      | Found a faded altar of an unknown god.
  1820 | D:3      | Found an ornate altar of the Wu Jian Council.
  2115 | D:3      | Found a glowing silver altar of Zin.
  2501 | D:4      | Found a shadowy altar of Dithmenos.
  2509 | D:4      | Noticed Menkaure
  2522 | D:4      | Killed from afar by Menkaure

Illustrated notes

Levels and vault maps discovered:
D:1:      amcnicky_arrival_gap_in_the_tavern_cellar, layout_loops_ring
D:2:      layout_basic, minmay_lizard_king, uniq_terence, uniq_natasha,
          uniq_jessica
D:3:      layout_basic, nicolae_wu_jian_wuxing_cycle, zin_scriptorium,
          hellmonk_ecumenical_altar_heavens_door
D:4:      dreamdust_elfheim, layout_gridville, mainiacjoe_overflow_boulevard,
          portal_sewer_entry_d, uniq_menkaure, uniq_grinder, uniq_duvessa,
          uniq_blork_the_orc

Skill      XL: |  1  2  3  4  5 |
---------------+----------------+-----
Fighting       | 4 |  4.3
Armour         | 4 |  4.2
Shields        | 5 |  5.2
Axes           | 3 |  3.1

Action                     |  1- 3 |  4- 6 || total
---------------------------+-------+-------++-------
  Melee: War axe           |    53 |   100 ||   153
  Throw: Throwing net      |       |     1 ||     1
    Use: Scroll            |       |     4 ||     4
 Armour: Scale mail        |    18 |    25 ||    43
         Chain mail        |       |    15 ||    15
  Dodge: Dodged            |    33 |    47 ||    80
  Block: Buckler           |    16 |    38 ||    54
